Map: Prion Terraces

Players

GulNepetZ - Winner!

  • Race: Zerg Zerg
  • League: Platinum

LilDicky

  • Race: Terran Terran
  • League: Diamond

VOD

http://www.twitch.tv/tumescentpie

Description

Time

  • Played on: Dec. 1, 2015, 3:53 p.m.
  • Length: 7:52
Show
View Real Time Build Order
Export as new Build Order

GulNepetZ Zerg - Winner!

Build Orders: Pool First 

Get SALT Encoding   

  12  0:00  Drone  
  13  0:08  Drone  
  14  0:27  Spawning Pool  
  13  0:29  Drone  
  14  0:40  Drone, Extractor  
  14  0:41  Drone, Extractor  
  16  0:47  Overlord  
  16  1:14  Zergling x6  
  19  1:20  Queen  
  21  1:26  Drone  
  22  1:36  Hatchery  
  22  1:39  Drone  
  22  1:53  Overlord  
  22  2:11  Queen  
  24  2:17  Drone x2  
  24  2:24  Drone  
  24  2:46  Hatchery  
  23  3:05  Drone  
  24  3:06  Drone x4  
  28  3:13  Zergling x4  
  28  3:18  Extractor  
  29  3:23  Extractor  
  28  3:29  Zergling x4  
  30  3:55  Drone x3  
  31  3:56  Drone x3  
  31  4:02  Queen  
  38  4:07  Overlord x2  
  38  4:08  Overlord  
  38  4:13  Overlord x2  
  38  4:20  Metabolic Boost  
  38  4:31  Zergling x12  
  39  4:32  Zergling x10  
  39  4:38  Baneling Nest, Drone x3  
  51  4:46  Drone x3  
  54  4:57  Lair  
  54  5:03  Drone x6  
  54  5:04  Drone  
  61  5:15  Overlord  
  61  5:18  Zergling x12  
  61  5:20  Zergling x2  
  68  5:34  Drone, Extractor  
  68  5:35  Extractor  
  66  5:40  Zergling x2  
  66  5:41  Zergling x12  
  73  5:47  Overlord x2  
  73  5:49  Drone x4  
  77  5:54  Centrifical Hooks  
  77  6:01  Drone x3  
  77  6:02  Drone  
  81  6:04  Overlord x2  
  81  6:23  Drone x6, Extractor  
  81  6:24  Drone x5  
  81  6:25  Baneling  
  91  6:26  Baneling x10  
  91  6:27  Baneling x2  
  83  6:50  Zergling x2  
  83  6:51  Zergling x20  
  86  7:14  Extractor  
  82  7:18  Spire, Zergling x18  
  84  7:47  Hatchery  
Show
View Real Time Build Order
Export as new Build Order

LilDicky Terran 

Build Orders: Reaper Expand 

Get SALT Encoding   

  12  0:02  SCV  
  13  0:16  SCV  
  13  0:19  Supply Depot  
  14  0:28  SCV  
  15  0:33  Refinery  
  15  0:42  SCV  
  16  0:45  Barracks  
  16  0:56  SCV  
  17  1:08  SCV  
  18  1:23  SCV  
  19  1:33  Reaper  
  19  1:39  Orbital Command  
  20  1:48  Command Center  
  20  1:56  Factory  
  20  2:01  Refinery  
  20  2:06  Supply Depot  
  20  2:25  Supply Depot  
  20  2:28  Barracks Tech Lab  
  20  2:30  SCV  
  21  2:42  SCV  
  22  2:56  Siege Tank  
  25  2:59  Marine  
  25  3:01  Orbital Command  
  25  3:04  SCV  
  27  3:17  SCV  
  28  3:20  Marine  
  29  3:28  Siege Tank  
  29  3:30  SCV x2  
  34  3:43  Marine  
  34  3:47  SCV, Orbital Command  
  36  4:01  Command Center, Marine  
  36  4:10  SCV  
  36  4:16  SCV  
  38  4:19  Siege Tank, Marine  
  42  4:28  SCV  
  43  4:39  Marine  
  43  4:40  Command Center  
  43  4:41  SCV  
  43  4:44  SCV  
  46  4:47  Starport  
  46  4:59  Engineering Bay  
  46  5:06  Supply Depot  
  46  5:13  SCV, Barracks Reactor, Supply Depot, Liberator  
  47  5:15  Orbital Command  
  47  5:20  SCV, Refinery  
  48  5:21  Refinery  
  48  5:22  Siege Tank  
  48  5:25  SCV  
  56  5:35  SCV  
  56  5:46  Engineering Bay, Barracks  
  56  5:47  SCV x2, Engineering Bay, Barracks  
  56  5:48  SCV  
  59  5:59  SCV, Siege Tank  
  63  6:09  SCV  
  63  6:10  SCV  
  63  6:11  SCV  
  66  6:17  Missile Turret  
  66  6:18  Missile Turret  
  66  6:22  SCV  
  67  6:28  Barracks  
  67  6:29  Barracks  
  67  6:31  Planetary Fortress, Siege Tank  
  70  6:33  SCV x2  
  70  6:34  SCV  
  70  6:35  Barracks Reactor  
  54  7:01  Orbital Command  
  25  7:17  Marine x2  
Tags
 
Add a new tag
Caveats
  • Supply blocks, unpowered buildings, or Contaminate may cause inaccurate times.
  • Supply counts are checked every 10 seconds.